Map: Redshift LE

Players

Neeb - Winner!

  • Race: Protoss Protoss
  • Spawn Location: 11:00

Nerchio

  • Race: Zerg Zerg
  • Spawn Location: 7:00

Event: WCS Austin 2018

VOD

Have the link to the VOD?

Description

Time

  • Played on: June 1, 2018, 10:36 p.m.
  • Length: 8:49

All games in this series

Show
View Real Time Build Order
Export as new Build Order

Neeb Protoss - Winner!

Build Orders: 1 Gate Expand, Oracle Opening, Phoenix Opening, Zealot Archon, Archon Drop 

Get SALT Encoding   

  12  0:00  Probe  
  13  0:12  Probe  
  14  0:17  Pylon  
  14  0:24  Probe  
  15  0:32  Probe  
  15  0:39  Gateway  
  15  0:40  Probe  
  16  0:47  Assimilator  
  17  0:51  Probe  
  18  1:03  Probe  
  19  1:15  Probe  
  20  1:26  Nexus  
  20  1:35  Cybernetics Core  
  20  1:37  Probe  
  21  1:44  Assimilator  
  21  1:49  Probe  
  21  1:51  Pylon  
  23  2:01  Probe  
  23  2:02  Adept  
  23  2:13  Probe  
  26  2:20  Adept  
  26  2:21  Stargate  
  26  2:25  Probe  
  29  2:34  Probe  
  29  2:36  Warp Gate  
  29  2:37  Probe  
  29  2:42  Probe  
  31  2:45  Adept  
  31  2:49  Probe  
  35  2:52  Probe  
  36  2:59  Phoenix  
  36  3:00  Assimilator  
  36  3:01  Probe  
  36  3:02  Assimilator  
  36  3:04  Probe  
  40  3:14  Probe  
  40  3:17  Pylon  
  41  3:20  Probe  
  41  3:25  Oracle  
  41  3:26  Probe  
  46  3:35  Probe  
  46  3:38  Probe  
  46  3:40  Pylon  
  48  3:43  Probe  
  48  3:44  Robotics Facility  
  49  3:50  Probe  
  49  3:51  Probe  
  49  3:53  Twilight Council  
  50  4:02  Probe x2  
  52  4:06  Gateway  
  53  4:14  Probe  
  53  4:15  Gateway  
  54  4:18  Gateway  
  54  4:21  Warp Prism  
  54  4:22  Charge  
  54  4:34  Templar Archives  
  54  4:39  Gateway  
  54  4:43  Gateway  
  54  4:50  Probe  
  54  4:51  Probe  
  56  5:02  Pylon  
  56  5:04  Nexus  
  56  5:18  High Templar x3  
  56  5:20  Probe x2  
  64  5:22  High Templar  
  66  5:31  Archon  
  66  5:33  Archon  
  66  5:35  Pylon  
  67  5:36  Pylon  
  66  5:44  Zealot x2  
  70  5:54  Pylon  
  70  5:56  High Templar x2  
  74  5:58  Zealot x2  
  74  5:59  Probe  
  74  6:00  Probe  
  80  6:07  Archon, Pylon  
  80  6:08  Zealot x2, Pylon  
  84  6:12  Probe x2  
  84  6:16  Pylon, Probe  
  87  6:19  Zealot  
  87  6:20  Zealot  
  87  6:24  Probe x2  
  93  6:26  Immortal  
  93  6:28  Probe  
  92  6:33  Zealot x3  
  92  6:35  Zealot  
  90  6:44  Probe  
  82  6:59  Zealot x5  
  82  7:00  Zealot  
  92  7:03  Immortal  
  91  7:15  Probe x2  
  91  7:16  Probe  
  91  7:22  High Templar x4  
  99  7:23  Zealot, Sentry  
  99  7:25  Assimilator x2  
  99  7:27  Gateway  
  99  7:29  Gateway, Probe x2  
  105  7:30  Immortal  
  103  7:37  Probe  
  103  7:38  Archon x2  
  103  7:41  Pylon, Probe  
  103  7:42  Pylon, Probe  
  110  7:49  Probe  
  111  7:52  Pylon  
  111  7:55  High Templar  
  111  7:56  Zealot x3  
  111  7:57  Zealot, High Templar  
  123  8:01  Pylon  
  123  8:05  Pylon  
  123  8:12  Archon  
  123  8:16  Observer, Pylon  
  123  8:17  Zealot x2  
  123  8:18  Zealot  
  123  8:19  Zealot  
  132  8:25  Nexus  
  132  8:39  Zealot  
  132  8:40  Zealot x6  
Show
View Real Time Build Order
Export as new Build Order

Nerchio Zerg 

Build Orders: Hatch First 

Get SALT Encoding   

  12  0:00  Drone  
  13  0:12  Overlord  
  13  0:16  Drone  
  14  0:31  Drone x2  
  14  0:34  Drone  
  18  0:50  Drone  
  18  0:54  Extractor  
  17  1:00  Hatchery, Drone  
  17  1:13  Spawning Pool  
  17  1:16  Drone  
  17  1:21  Drone  
  18  1:28  Drone  
  19  1:38  Overlord  
  19  1:52  Drone  
  20  1:59  Metabolic Boost  
  20  2:01  Queen, Zergling x2  
  23  2:12  Queen, Zergling x2  
  23  2:15  Drone  
  27  2:22  Drone  
  28  2:24  Drone  
  29  2:32  Drone  
  30  2:42  Hatchery  
  30  2:43  Drone  
  30  2:45  Drone  
  31  2:52  Zergling x2  
  31  2:54  Zergling x2  
  31  2:56  Overlord  
  33  3:03  Queen  
  35  3:07  Drone  
  36  3:17  Drone x2  
  36  3:18  Drone x4  
  41  3:22  Drone  
  41  3:32  Spore Crawler  
  39  3:36  Overlord  
  39  3:38  Drone  
  39  3:40  Drone  
  41  3:43  Drone  
  41  3:46  Overlord  
  42  3:52  Lair  
  42  3:55  Drone  
  43  3:56  Drone  
  43  4:00  Drone x2  
  43  4:01  Drone  
  47  4:05  Spore Crawler  
  47  4:07  Drone x2  
  47  4:09  Drone  
  49  4:13  Queen  
  52  4:17  Drone x2  
  52  4:18  Drone  
  54  4:29  Overlord  
  52  4:37  Overlord x2, Spore Crawler  
  51  4:40  Extractor x2  
  51  4:43  Drone  
  50  4:48  Drone x2  
  50  4:50  Drone  
  50  4:51  Drone x2  
  50  4:52  Drone x2  
  57  4:58  Drone  
  57  4:59  Drone x5, Hydralisk Den  
  61  5:00  Drone  
  61  5:01  Drone  
  61  5:02  Drone  
  64  5:09  Drone x2  
  64  5:12  Extractor  
  65  5:16  Zergling x2  
  65  5:20  Zergling x8  
  70  5:24  Zergling x2  
  71  5:29  Hydralisk  
  71  5:30  Overlord x2  
  71  5:33  Muscular Augments  
  73  5:40  Hydralisk  
  74  5:43  Overlord x2  
  74  5:47  Overlord  
  74  5:49  Hatchery, Hydralisk x2  
  77  5:55  Hydralisk x2  
  81  5:58  Hydralisk  
  81  6:00  Hydralisk  
  81  6:01  Overseer  
  85  6:06  Overseer  
  85  6:12  Hydralisk  
  85  6:15  Hydralisk  
  85  6:16  Zergling x10  
  85  6:18  Overlord  
  94  6:21  Zergling x6  
  96  6:30  Hydralisk  
  96  6:32  Hydralisk x2  
  95  6:35  Hydralisk  
  95  6:38  Hydralisk  
  83  6:45  Zergling x2  
  72  6:47  Hydralisk  
  72  6:53  Queen, Zergling x2  
  72  6:54  Queen, Zergling x6  
  73  6:57  Hydralisk  
  73  7:00  Zergling x4  
  74  7:04  Queen  
  74  7:07  Zergling x4  
  74  7:11  Zergling x4  
  74  7:15  Drone  
  77  7:18  Hydralisk  
  77  7:20  Queen, Zergling x4  
  82  7:24  Drone  
  83  7:31  Hydralisk  
  83  7:32  Queen  
  87  7:37  Zergling x6  
  89  7:44  Drone x2  
  89  7:45  Drone x2  
  89  7:50  Drone x2  
  89  7:51  Drone  
  96  7:58  Overlord  
  96  8:02  Drone  
  96  8:03  Evolution Chamber, Drone x3  
  96  8:04  Drone x2  
  102  8:05  Drone  
  102  8:13  Drone  
  102  8:17  Drone x4  
  102  8:18  Drone x2  
  109  8:22  Drone  
  109  8:24  Drone x2  
  109  8:26  Overlord, Extractor  
  111  8:29  Overlord x3  
  111  8:30  Overseer  
  111  8:39  Baneling Nest  
Tags
 
Add a new tag
Caveats
  • Supply blocks, unpowered buildings, or Contaminate may cause inaccurate times.
  • Supply counts are checked every 10 seconds.